 Dungeon Crawl Stone Soup version 0.26.0-45-g9c1d065592 (webtiles) character file.

Game seed: 8080554855988045218

182 hawla the Conjurer (level 5, 0/40 HPs)
             Began as a Draconian Conjurer on Jan 31, 2021.
             Slain by Grinder (5 damage)
             ... on level 3 of the Dungeon.
             The game lasted 00:06:07 (3364 turns).

hawla the Conjurer (Draconian Conjurer)             Turns: 3364, Time: 00:06:07

Health: 0/40       AC: 14    Str: 10    XL:     5   Next: 35%
Magic:  2/9        EV: 12    Int: 19    God:
Gold:   134        SH:  0    Dex:  9    Spells: 3/10 levels left

rFire    . . .     SeeInvis .   o - +1 mace (protect)
rCold    . . .     Faith    .   (no shield)
rNeg     . . .     Spirit   .   (armour unavailable)
rPois    .         Reflect  .   (helmet restricted)
rElec    .         Harm     .   f - +0 cloak (curse)
rCorr    .         Rampage  .   b - -2 pair of gloves (curse)
Will     .....                  n - +1 pair of boots
Stlth    ++........             (no amulet)
HPRegen  0.13/turn              (no ring)
MPRegen  0.11/turn              (no ring)

@: protection aura, attractive
A: unfitting armour, cold-blooded, AC +5
a: no special abilities


You were on level 3 of the Dungeon.
You visited 1 branch of the dungeon, and saw 3 of its levels.

You collected 134 gold pieces.

Inventory:

Hand Weapons
 o - a +1 mace of protection (weapon)
Missiles
 l - 11 poisoned darts
Armour
 b - a cursed -2 pair of gloves (worn)
 d - a +1 pair of gloves
 f - a cursed +0 cloak (worn)
 n - a +1 pair of boots (worn)
Magical Staves
 c - an uncursed staff of earth {unknown}
Jewellery
 i - an uncursed ring of stealth {unknown}
Scrolls
 e - a scroll of fear {unknown}
 j - a scroll of remove curse
 p - a scroll of identify
Potions
 a - a potion of attraction
 g - a potion of resistance {unknown}
 h - a potion of brilliance {unknown}
 k - a potion of berserk rage {unknown}
 m - a potion of magic {unknown}


   Skills:
 - Level 1.0 Fighting
 - Level 1.7 Dodging
 - Level 1.7 Stealth
 + Level 3.3 Spellcasting
 + Level 5.3 Conjurations
 - Level 2.0 Translocations


You had 3 spell levels left.
You knew the following spells:

 Your Spells              Type           Power        Failure   Level
a - Magic Dart            Conj           92%          1%          1
b - Searing Ray           Conj           46%          2%          2
c - Iskenderun's Mystic   Conj/Tloc      17%          32%         4

Your spell library contained the following spells:

 Spells                   Type           Power        Failure   Level
 Dazzling Flash           Conj/Hex       26%          14%         3
 Fulminant Prism          Conj/Hex       6%           43%         4


Dungeon Overview and Level Annotations

Branches:
Dungeon (3/15)

Altars:

Annotations:
D:3 Grinder


Innate Abilities, Weirdness & Mutations

Your plain brown scales are hard. (AC +5)
You cannot fit into any form of body armour.
You are cold-blooded and may be slowed by cold attacks.


Message History

You closely miss Grinder.
Grinder is heavily wounded.
Grinder hits you. Grinder closely misses you.
You hit Grinder.
Your weapon exudes an aura of protection.
Grinder is heavily wounded.
Grinder hits you.
You writhe in agony.
You hit Grinder but do no damage.
Grinder is heavily wounded.
Grinder gestures at you. Pain shoots through your body!
Grinder gestures at you. Pain shoots through your body!
* * * LOW HITPOINT WARNING * * *
It was a potion of attraction.
You feel attractive to monsters. Grinder hits you.
* * * LOW HITPOINT WARNING * * *
You writhe in agony.
You die...

.##.##.##.## .
###.##.##.# . #.##....#
# #.####..# #.####..#
#.......# ######.#
######.## #......#
####.# #.# # # ##.##.#
#@# .##
####...#.#######5#...###
'..............)........
####...#.#########...###
# ##.##.## ..## ###...##
## #.....# #.....#
#.....#


You could see Grinder.

Vanquished Creatures
  An orc priest (D:3)
  A gnoll shaman (D:3)
  4 gnolls (D:3)
  2 adders
  3 worms
  2 dart slugs
  A leopard gecko (D:2)
  3 orcs (D:3)
  2 giant cockroaches
  5 goblins
  A hobgoblin (D:1)
  12 jackals
  8 bats
  2 frilled lizards
  2 kobolds
  A leopard gecko skeleton (D:3)
  3 rats
53 creatures vanquished.

Notes
Turn   | Place    | Note
-------+----------+-------------------------------------------
     0 | D:1      | hawla the Draconian Conjurer began the quest for the Orb.
     0 | D:1      | Reached XP level 1. HP: 14/14 MP: 3/3
   222 | D:1      | Reached XP level 2. HP: 22/22 MP: 1/5
   486 | D:1      | Reached skill level 1 in Fighting
   489 | D:1      | Learned a level 2 spell: Searing Ray
  1014 | D:1      | Reached XP level 3. HP: 28/28 MP: 4/6
  2569 | D:3      | Reached skill level 5 in Conjurations
  2569 | D:3      | Reached XP level 4. HP: 34/35 MP: 0/8
  2574 | D:3      | Learned a level 4 spell: Iskenderun's Mystic Blast
  2945 | D:3      | Reached skill level 1 in Translocations
  2958 | D:3      | Reached XP level 5. HP: 34/40 MP: 0/9
  3344 | D:3      | Noticed Grinder
  3364 | D:3      | Slain by Grinder

Illustrated notes

Levels and vault maps discovered:
D:1:      sevenhm_arrival_forest_fort_large_2, layout_basic,
          serial_bayou_crossing
D:2:      layout_rooms, serial_corexii_hall, corexii_hall_statues_s,
          corexii_hall_statues_t
D:3:      layout_loops_corners, uniq_grinder, uniq_ijyb

Skill      XL: |  1  2  3  4  5 |
---------------+----------------+-----
Fighting       | 1 |  1.0
Conjurations   | 5 |  5.3
Translocations | 1 2 |  2.0
Spellcasting   | 3 |  3.3
Dodging        | |  1.7
Stealth        | |  1.7

Action                   |  1- 3 |  4- 6 || total
-------------------------+-------+-------++-------
Melee: Unarmed           |    96 |       ||    96
       Tailslap          |     5 |     1 ||     6
       Mace              |       |    18 ||    18
 Cast: Magic Dart        |    38 |     6 ||    44
       Searing Ray       |    17 |    10 ||    27
  Use: Scroll            |     6 |       ||     6
       Potion            |       |     2 ||     2
Armor: Skin              |    45 |     8 ||    53
Dodge: Dodged            |    85 |    28 ||   113
